 Dungeon Crawl Stone Soup version 0.29-a0-284-gf9362112df (webtiles) character file.

Game seed: 12372390877366576524

742 sammy202020 the Skirmisher (level 7, -24/67 HPs)
             Began as a Gargoyle Berserker on Mar 14, 2022.
             Was a Believer of Trog.
             Annihilated by a shadow (31 damage)
             ... on level 5 of the Dungeon.
             The game lasted 00:07:07 (3999 turns).

sammy202020 the Skirmisher (Gargoyle Berserker)     Turns: 3999, Time: 00:07:07

Health: -24/67     AC: 24    Str: 27    XL:     7   Next: 76%
Magic:  7/7        EV:  7    Int:  9    God:    Trog [**....]
Gold:   228        SH:  3    Dex:  9    Spells: 6/6 levels left

rFire   . . .      SeeInvis .   j - +0 flail (protect)
rCold   . . .      Faith    .   r - +0 buckler
rNeg    + . .      Spirit   .   h - +0 plate armour
rPois   ∞          Reflect  .   (no helmet)
rElec   +          Harm     .   (no cloak)
rCorr   .          Rampage  .   (no gloves)
Will    ++...                   (no boots)
Stlth   ..........              (no amulet)
HPRegen 1.21/turn               c - +6 ring of strength
MPRegen 0.10/turn               (no ring)

@: berserking, strong-willed, under a protective aura, regenerating, very quick
A: sickness immunity, AC +4, negative energy resistance 1, electricity
resistance, torment resistance 1, petrification resistance
a: Renounce Religion, Berserk, Trog's Hand


You were on level 5 of the Dungeon.
You worshipped Trog.
Trog was pleased with you.
You visited 1 branch of the dungeon, and saw 5 of its levels.

You collected 228 gold pieces.

Inventory:

Hand Weapons
 i - a +1 flail
 j - a +0 flail of protection (weapon)
Missiles
 a - 9 javelins (quivered)
Armour
 h - a +0 plate armour (worn)
 o - a +0 chain mail
 r - a +0 buckler (worn)
Jewellery
 c - a +6 ring of strength (left hand)
Wands
 n - a wand of mindburst (14)
Scrolls
 b - a scroll of brand weapon {unknown}
 d - 2 scrolls of teleportation
 e - a scroll of magic mapping
 p - a scroll of noise {unknown}
 q - 3 scrolls of identify
Potions
 f - a potion of flight
 g - a potion of degeneration {unknown}
 k - a potion of attraction {unknown}
 l - a potion of might {unknown}
 m - a potion of berserk rage {unknown}


   Skills:
 * Level 5.8 Fighting
 * Level 5.3 Maces & Flails
 * Level 5.3 Armour
 + Level 2.8 Dodging
 + Level 0.5 Shields


You had 6 spell levels left.
You didn't know any spells.
Your spell library was empty.

Dungeon Overview and Level Annotations

Branches:
Dungeon (5/15)
 Temple: D:4-7

Altars:
Cheibriados

Shops:
D:5 *


Innate Abilities, Weirdness & Mutations

You are immune to sickness and miasma.
Your stone body is resilient. (AC +4)
You are immune to poison.
You resist negative energy. (rN+)
You are resistant to electric shocks. (rElec)
You are resistant to unholy torment.
You are immune to petrification.


Message History

You barely miss the acid dragon.
The acid dragon bites you but does no damage.
The acid dragon claws you but does no damage.
The acid dragon bites you. The acid dragon barely misses you.
You barely miss the acid dragon.
The acid dragon bites you but does no damage.
The acid dragon claws you but does no damage.
You sock the acid dragon!
Your weapon exudes an aura of protection.
The acid dragon is heavily wounded.
The acid dragon bites you. The acid dragon barely misses you.
You hit the acid dragon.
The acid dragon is heavily wounded.
The acid dragon bites you but does no damage.
The acid dragon claws you.
You closely miss the acid dragon.
The acid dragon is heavily wounded.
The acid dragon bites you but does no damage.
The acid dragon claws you.
You hit the acid dragon.
The acid dragon is almost dead.
The acid dragon spits acid at you. The splash of acid hits you!!
* * * LOW HITPOINT WARNING * * *
A red film seems to cover your vision as you go berserk!
You feel yourself moving faster!
You feel mighty!
The acid dragon bites you but does no damage.
The acid dragon claws you but does no damage.
You hit the acid dragon but do no damage.
The acid dragon is severely wounded.
The acid dragon bites you but does no damage.
The acid dragon claws you.
* * * LOW HITPOINT WARNING * * *
You sock the acid dragon!
You kill the acid dragon!
Trog accepts your kill.
Unknown command.
You closely miss something.
The shadow strikes at you from the darkness!
You die...

..#.# #.# #.....#.# #... ..#.#
#.###.......##(.#
..#.###..............#
........#######....D## .
....###.## #....#.#.#
.>..##P.P######...## W#
#.#.##≈.≈##...#.[#.#D#
#.###≈≈.≈≈###.##.#..##
#.#P≈≈≈.≈≈≈P#.##@#...#
..............##..###.#
..#P≈≈≈.≈≈≈P#.##........
..###≈≈.≈≈###.##....##.#
....##≈.≈##...###....#.# .###
#P.P###..###....#..
...##.....##.........#.# #
...#.♣...♣.#.........#.#.#
...#...8...#.........#.#.#####


There were no monsters in sight!

Vanquished Creatures
  An acid dragon (D:5)
  A black bear (D:5)
  An ogre (D:4)
  A hound (D:4)
  2 orc priests (D:5)
  2 jellies
  An iguana (D:5)
  4 orc wizards
  A gnoll (D:1)
  9 adders
  A white imp (D:3)
  An ufetubus (D:5)
  A worm (D:3)
  17 orcs
  7 bats
  3 endoplasms
  2 giant cockroaches
  5 hobgoblins
  3 quokkas
  8 ball pythons
  3 frilled lizards
  3 goblins
  5 kobolds
  5 rats
87 creatures vanquished.

Vanquished Creatures (others)
  5 toadstools (D:1)
5 creatures vanquished.

Grand Total: 92 creatures vanquished

Notes
Turn   | Place    | Note
-------+----------+-------------------------------------------
     0 | D:1      | sammy202020 the Gargoyle Berserker began the quest for the
                  | Orb.
     0 | D:1      | Reached XP level 1. HP: 14/14 MP: 1/1
   260 | D:1      | Reached XP level 2. HP: 19/19 MP: 2/2
   671 | D:1      | Reached XP level 3. HP: 20/24 MP: 3/3
  1079 | D:2      | Noticed a great orb of eyes
  1081 | D:2      | Found a faded altar of an unknown god.
  1082 | D:2      | Noticed an eye of devastation
  1082 | D:2      | Noticed a floating eye
  1082 | D:2      | Noticed a great orb of eyes
  1216 | D:2      | Reached ** piety under Trog
  1339 | D:2      | Reached XP level 4. HP: 26/29 MP: 4/4
  2053 | D:3      | Found a snail-covered altar of Cheibriados.
  2136 | D:3      | Reached XP level 5. HP: 27/33 MP: 5/5
  2693 | D:4      | Reached XP level 6. HP: 39/39 MP: 6/6
  3047 | D:4      | Reached skill level 5 in Fighting
  3442 | D:5      | Entered Level 5 of the Dungeon
  3456 | D:5      | Reached XP level 7. HP: 44/44 MP: 7/7
  3716 | D:5      | Reached skill level 5 in Maces & Flails
  3716 | D:5      | Reached skill level 5 in Armour
  3780 | D:5      | Found Vaer's Elemental Accessories.
  3973 | D:5      | Noticed a shadow
  3999 | D:5      | Annihilated by a shadow

Illustrated notes

Levels and vault maps discovered:
D:1:      ldierk_walled_garden, layout_rooms
D:2:      layout_rooms, hellmonk_ecumenical_altar_watching_god
D:3:      layout_loops_cross, mainiacjoe_overflow_six_doors_small
D:4:      cheibrodos_quashed, layout_rooms, abandoned_shop, grunt_decor_fettered
D:5:      layout_basic, palyth_stone_intersect, nicolae_elemental_shop,
          dreamdust_princess_bridge, minmay_manual_mail

Skill      XL: |  1  2  3  4  5  6  7 |
---------------+----------------------+-----
Armour         | 3 4 5 |  5.3
Fighting       | 4 5 |  5.8
Dodging        | 2 |  2.8
Maces & Flails | 4 5 |  5.3
Shields        | |  0.5

Action                   |  1- 3 |  4- 6 |  7- 9 || total
-------------------------+-------+-------+-------++-------
Melee: Mace              |    52 |       |       ||    52
       Flail             |    45 |   145 |    41 ||   231
       Punch             |       |     2 |       ||     2
Throw: Javelin           |       |       |     1 ||     1
Invok: Berserk           |     1 |     1 |     1 ||     3
       Trog's Hand       |       |     1 |     1 ||     2
  Use: Scroll            |       |     8 |       ||     8
Armor: Leather armour    |     6 |       |       ||     6
       Animal skin       |     1 |       |       ||     1
       Ring mail         |    53 |     8 |       ||    61
       Chain mail        |       |    22 |       ||    22
       Plate armour      |       |    44 |    31 ||    75
Dodge: Dodged            |    89 |    63 |    12 ||   164
Block: Buckler           |       |       |     2 ||     2

Table legend: (Time is in decaauts)
 A = Elapsed time spent in this place.
 B = Non-inter-level travel time spent in this place.
 C = Inter-level travel time spent in this place.
 D = Time resting spent in this place.
 E = Time spent auto-exploring this place.
 F = Levels seen in this place.
 G = Mean time per level.
                   A        B        C        D        E       F      G
               +--------+--------+--------+--------+--------+-----+--------+
         Total |   4075 |   4019 |     56 |    275 |   2773 |   5 |  815.0 |
       Dungeon |   4075 |   4019 |     56 |    275 |   2773 |   5 |  815.0 |
               +--------+--------+--------+--------+--------+-----+--------+

Top non-repeatable levels by time:
     D:4: 982 daAuts
     D:1: 898 daAuts
     D:3: 884 daAuts
     D:2: 746 daAuts
     D:5: 564 daAuts
